 Dungeon Crawl Stone Soup version 0.24-a0-715-g0b739ee41d (webtiles) character file.

Game seed: 9708727389121136749, levelgen mode: deterministic

78930 Kairok the Covert (level 15, -8/78 HPs)
             Began as a Vine Stalker Assassin on Sept 30, 2019.
             Was a High Priest of Okawaru.
             Mangled by a hornet (10 damage)
             ... created by a shambling mangrove
             ... while paralysed by a hornet
             ... on level 3 of the Swamp.
             The game lasted 01:00:07 (19130 turns).

Kairok the Covert (Vine Stalker Assassin)          Turns: 19130, Time: 01:00:07

Health: -8/78      AC: 20    Str: 17    XL:     15   Next: 61%
Magic:  0/18       EV:  2    Int: 11    God:    Okawaru [*****.]
Gold:   1214       SH:  0    Dex: 21    Spells: 11/14 levels left

rFire    . . .     SeeInvis .   h - +5 dagger (elec)
rCold    + . .     Gourm    .   m - +1 shield
rNeg     . . .     Faith    .   y - +2 scale mail {rC+}
rPois    +         Spirit   +   V - +1 hat
rElec    .         Reflect  .   Y - +2 cloak {rPois}
rCorr    .         Harm     .   L - +0 pair of gloves
MR       +....                  (no boots)
Stlth    ++++++....             F - amulet of regeneration
HPRegen  1.43/turn              K - +3 ring of evasion
MPRegen  0.16/turn              A - +4 ring of evasion

@: paralysed, lethally poisoned (-8 -> -9), heroism
A: antennae 1, fangs 3, yellow scales 1, mutation resistance 1, regeneration 2,
strong 1, magic shield, antimagic bite, no potion heal 3, rot immunity
a: Heroism, Finesse, Renounce Religion


You were on level 3 of the Swamp.
You worshipped Okawaru.
Okawaru was extremely pleased with you.
You were hungry.

You visited 5 branches of the dungeon, and saw 22 of its levels.
You also visited: Sewer and Ossuary.

You collected 1214 gold pieces.

Inventory:

Hand Weapons
 h - a +5 dagger of electrocution (weapon)
 p - a +2 dagger of holy wrath
 N - a +1 antimagic rapier
Missiles
 e - 4 curare-tipped darts (quivered)
 X - 13 silver boomerangs
Armour
 b - a scarf of cloud immunity
 m - a +1 shield (worn)
 y - a +2 scale mail of cold resistance (worn)
 L - a +0 pair of gloves (worn)
 Q - a scarf of repulsion
 V - a +1 hat (worn)
 W - a +3 ring mail of poison resistance
 Y - a +2 cloak of poison resistance (worn)
Jewellery
 l - an uncursed ring of flight
 A - a +4 ring of evasion (right hand)
 C - an uncursed ring of positive energy
 F - an amulet of regeneration (around neck)
 G - an uncursed ring of see invisible
 K - a +3 ring of evasion (left hand)
 O - an uncursed ring of protection from fire
 S - an uncursed ring of protection from cold
Wands
 c - a wand of disintegration (26)
 d - a wand of clouds (4)
 t - a wand of flame (101)
 B - a wand of random effects (25)
 M - a wand of paralysis (8)
 U - a wand of acid (12)
Scrolls
 a - 2 scrolls of magic mapping
 j - 6 scrolls of remove curse
 n - 2 scrolls of brand weapon
 r - 2 scrolls of teleportation
 s - a scroll of blinking
 v - a scroll of fear
 D - 5 scrolls of fog
 I - 2 scrolls of immolation
 P - a scroll of silence {unknown}
 T - a scroll of summoning {unknown}
 Z - a scroll of torment {unknown}
Potions
 g - 5 potions of flight
 i - 8 potions of curing
 k - 4 potions of might
 o - 2 potions of invisibility {unknown}
 q - 5 potions of brilliance
 u - 2 potions of resistance {unknown}
 w - 3 potions of mutation
 x - 3 potions of cancellation
 z - 3 potions of agility {unknown}
 E - a potion of magic {unknown}
 H - 5 potions of lignification {unknown}
 J - 5 potions of haste
 R - a potion of ambrosia {unknown}
Comestibles
 f - 33 rations


   Skills:
 + Level 8.6(13.6) Fighting
 - Level 10.0(15.0) Short Blades
 + Level 2.1(7.1) Throwing
 + Level 9.3(14.3) Armour
 + Level 8.7(13.7) Dodging
 + Level 14.5(19.5) Stealth
 + Level 12.5(17.5) Shields
 + Level 3.8 Invocations
 + Level 3.4 Evocations


You had 11 spell levels left.
You knew the following spells:

 Your Spells              Type           Power        Failure   Level  Hunger
a - Regeneration          Chrm/Necr      #.........   94%         3    ####...

Your spell library contained the following spells:

 Spells                   Type           Power        Failure   Level  Hunger
 Beastly Appendage        Tmut           #.....       63%         1    ##.....
 Infusion                 Chrm           #...         63%         1    ##.....
 Magic Dart               Conj           #...         63%         1    ##.....
 Searing Ray              Conj           #.....       77%         2    ###....
 Shroud of Golubria       Chrm/Tloc      #.....       77%         2    ###....
 Song of Slaying          Chrm           #.......     77%         2    ###....
 Sticks to Snakes         Tmut           #.......     77%         2    ###....
 Dazzling Spray           Conj/Hex       #.....       94%         3    ####...
 Spectral Weapon          Hex/Chrm       #.......     94%         3    ####...
 Spider Form              Tmut/Pois      #.........   94%         3    ####...
 Cause Fear               Hex            #.........   100%        4    #####..
 Force Lance              Conj/Tloc      #.......     100%        4    #####..
 Fulminant Prism          Conj/Hex       #.........   100%        4    #####..
 Ice Form                 Ice/Tmut       #.......     100%        4    #####..
 Iskenderun's Mystic Bla  Conj           #.......     100%        4    #####..
 Summon Lightning Spire   Summ/Air       #.......     100%        4    #####..
 Blade Hands              Tmut           #.........   100%        5    ######.
 Silence                  Hex/Air        #.........   100%        5    ######.
 Yara's Violent Unravell  Hex/Tmut       #.........   100%        5    ######.
 Conjure Ball Lightning   Conj/Air       #.........   100%        6    #######
 Deflect Missiles         Chrm/Air       #.........   100%        6    #######
 Discord                  Hex            #.........   100%        8    #######
 Tornado                  Air            #.........   100%        9    #######


Dungeon Overview and Level Annotations

Branches:
Dungeon (10/15)            Temple (1/1) D:4            Lair (6/6) D:9
  Swamp (4/4) Lair:3        Snake (1/4) Lair:4        Slime (0/5) Lair:6
  Sewer (visited)         Ossuary (visited)
    Orc: D:9-12

Altars:
Cheibriados
Elyvilon
Fedhas
Gozag
Hepliaklqana
Kikubaaqudgha
Makhleb
Nemelex Xobeh
Okawaru
Qazlal
Ru
Sif Muna
Trog
Uskayaw
Vehumet
Wu Jian
Yredelemnul
Zin
The Shining One

Annotations:
D:3 Sigmund
D:10 Fannar, Snorg
Lair:2 exclusion: oklob plant
Swamp:1 Roxanne
Swamp:3 1 transporter


Innate Abilities, Weirdness & Mutations

You have razor-sharp teeth.
You heal very quickly.
When hurt, damage is shared between your health and your magic reserves.
Your bite disrupts and absorbs the magic of your enemies.
Potions cannot restore your health.
You are immune to rotting.
You have a pair of small antennae on your head.
You are partially covered in yellow scales. (AC +2)
You are somewhat resistant to further mutation.
Your muscles are strong. (Str +2)


Message History

You are poisoned.
The bog body hits you but does no damage.
The bog body touches you but does no damage.
The eight-headed hydra bites you but does no damage.
The eight-headed hydra bites you. The eight-headed hydra bites you!
* * * LOW HITPOINT WARNING * * *
The eight-headed hydra bites you!
* * * LOW HITPOINT WARNING * * *
The eight-headed hydra bites you.
* * * LOW HITPOINT WARNING * * *
The eight-headed hydra bites you but does no damage.
The eight-headed hydra bites you.
* * * LOW HITPOINT WARNING * * *
The eight-headed hydra bites you but does no damage.
You feel sick.
The hornet stings you but does no damage. x2
The bog body hits you but does no damage.
The bog body touches you but does no damage.
The hornet stings you!
You die...

.###.≈.≈♣ ♣..##..©######.###..≈≈
≈...♣..♣♣ ♣.##.#.....n...#W##..♣
≈..♣♣≈♣♣ ♣.#..##.##.#.#.#$?#...
..♣♣♣≈♣ ♣♣.##....##.##..v?$#.♣.
♣.♣ ♣.♣♣ ♣♣..#..##....###.#%=#.♣≈
♣.♣♣♣.≈♣♣♣.≈.##.#.###.....####..≈
..♣♣..≈≈^.≈≈..#...###.#.#.#..8..≈
....?≈≈≈≈....©#ynD....##..#©....≈
..♣♣.≈≈≈≈.....##@#.##.....#..8...
...♣♣.≈≈..≈≈.##y##.#...##.####.≈.
.<♣♣♣♣♣.♣.)..#.†#..##.###.#.?#.≈≈
..♣ ♣♣♣♣♣..#....f..#.##.'($#.♣♣
..♣ ♣.≈.#..##.###.##.#.(#.♣ .♣♣
♣♣..##.#.......t.#f##.♣ ..♣
♣...##. ####### ###..♣ ≈♣♣
♣♣≈≈..#####...####...♣♣ .♣
♣.≈.≈..............♣♣.♣♣


You could see an eight-headed hydra, a bog body and 2 hornets.

Vanquished Creatures
  2 thorn hunters
  A very ugly thing (Swamp:3)
  The ghost of Aghio the Covert, a journeyman HuAr of Trog (Lair:2)
  A dire elephant (Lair:6)
  The ghost of Ecvarch the Blocker, a journeyman OpFi of Wu Jian (Lair:2)
  7 hydras
  2 ghost crabs
  2 catoblepae (Lair:6)
  3 shambling mangroves (Swamp:3)
  15 alligators
  The ghost of Dasij the Grappler, a journeyman VSMo of Elyvilon (Lair:2)
  A spriggan druid (Swamp:4)
  2 swamp dragons
  2 lindwurms (Lair:6)
  2 manticores (Lair:6)
  8 elephants
  6 black mambas
  Joseph (D:10)
  A torpor snail (Lair:6)
  8 rime drakes
  9 komodo dragons
  18 spiny frogs
  2 kobold demonologists (Swamp:3)
  13 tyrant leeches
  7 hornets
  4 polar bears (Lair:5)
  4 blink frogs (Lair:4)
  7 bog bodies
  8 hippogriffs
  11 slime creatures (Swamp:1)
  5 dream sheep (Lair:5)
  3 spriggans
  38 yaks
  2 shadows
  3 basilisks
  A wyvern (Lair:3)
  14 vampire mosquitoes
  2 hungry ghosts
  9 insubstantial wisps
  16 swamp worms
  10 water moccasins
  5 porcupines
  3 ice beasts
  3 sky beasts
  8 swamp drakes
  An orc warrior (D:7)
  A black bear (Lair:1)
  4 ogres
  2 phantoms
  A centaur (D:7)
  A necrophage (D:9)
  17 crocodiles
  2 big kobolds
  15 bullfrogs
  Blork the orc (D:4)
  6 scorpions
  4 killer bees (D:7)
  4 howler monkeys
  17 wights
  7 electric eels (Lair:3)
  A centaur zombie (Ossuary)
  4 crimson imps
  3 centaur skeletons
  3 bullfrog zombies
  A human zombie (Ossuary)
  2 hounds
  15 jellies
  Crazy Yiuf (D:3)
  4 orc wizards
  2 iguanas
  Jessica (D:3)
  2 bullfrog skeletons (D:4)
  Ijyb (D:3)
  Terence (D:3)
  8 worker ants
  Natasha (thrice) (D:4)
  5 hell rats (Lair:6)
  2 hound zombies
  2 mummies (Ossuary)
  A worker ant zombie (D:5)
  6 gnolls
  4 river rats
  17 adders
  A shadow imp (D:10)
  3 oozes
  An adder zombie (D:9)
  2 adder skeletons
  2 worms
  A dart slug (D:1)
  6 leopard geckos
  19 orcs
  10 bats
  6 giant cockroaches
  7 goblins
  7 hobgoblins
  4 jackals (D:1)
  22 kobolds
  5 quokkas
  7 ball pythons (Sewer)
  12 frilled lizards
  2 goblin zombies (Ossuary)
  A hobgoblin zombie (Ossuary)
  A kobold zombie (Ossuary)
  2 leopard gecko skeletons
  A leopard gecko zombie (D:7)
  2 orc zombies (Ossuary)
  41 rats
  A fungus (Lair:2)
610 creatures vanquished.

Vanquished Creatures (collateral kills)
  Rupert (Lair:5)
1 creature vanquished.

Vanquished Creatures (others)
  A spriggan druid (Swamp:2)
  A vampire mosquito (Swamp:1)
  A swamp drake (Swamp:2)
  3 fungi
  A plant (Lair:5)
  2 withered plants (Lair:2)
9 creatures vanquished.

Grand Total: 620 creatures vanquished

Notes
Turn   | Place    | Note
-------+----------+-------------------------------------------
     0 | D:1      | Kairok the Vine Stalker Assassin began the quest for the
                  | Orb.
     0 | D:1      | Reached XP level 1. HP: 11/11 MP: 2/2
   134 | D:1      | Reached skill level 5 in Stealth
   218 | D:1      | Reached XP level 2. HP: 12/15 MP: 1/3
   435 | D:1      | Reached XP level 3. HP: 18/18 MP: 4/4
   444 | D:1      | Reached skill level 1 in Dodging
   981 | D:1      | Gained mutation: You have a pair of small antennae on your
                  | head. [potion of mutation]
   981 | D:1      | Gained mutation: You evolve. [potion of mutation]
  1109 | D:2      | Reached skill level 6 in Stealth
  1202 | D:2      | Gained mutation: Your natural rate of healing is unusually
                  | fast. [Vine Stalker growth]
  1202 | D:2      | Reached XP level 4. HP: 23/23 MP: 5/5
  1735 | D:3      | Found a blossoming altar of Fedhas.
  1771 | D:3      | Reached XP level 5. HP: 14/26 MP: 3/6
  1837 | D:3      | Found a faded altar of an unknown god.
  1907 | D:3      | Noticed Ijyb
  1927 | D:3      | Noticed Sigmund
  1930 | D:3      | Noticed Terence
  2035 | D:3      | Reached skill level 7 in Stealth
  2070 | D:3      | Gained mutation: Your body sometimes deteriorates upon
                  | taking damage. [evolution]
  2093 | D:3      | Found a glowing drain.
  2101 | Sewer    | Entered a sewer
  2198 | Sewer    | Reached XP level 6. HP: 32/32 MP: 7/7
  2333 | Sewer    | Reached skill level 1 in Armour
  2902 | D:3      | Noticed Jessica
  2943 | D:2      | Reached skill level 1 in Shields
  3031 | D:3      | Lost mutation: Your body sometimes deteriorates upon taking
                  | damage. [evolution]
  3127 | D:3      | Killed Ijyb
  3315 | D:3      | Killed Jessica
  3315 | D:3      | Reached XP level 7. HP: 35/35 MP: 8/8
  3347 | D:3      | Found a runed translucent door.
  3348 | D:3      | Noticed Crazy Yiuf
  3515 | D:3      | Killed Terence
  3719 | D:3      | Killed Crazy Yiuf
  3878 | D:4      | Found a staircase to the Ecumenical Temple.
  3894 | Temple   | Entered the Ecumenical Temple
  3923 | Temple   | Became a worshipper of Warmaster Okawaru
  3963 | D:4      | Noticed Natasha
  3968 | D:4      | Killed Natasha
  4000 | D:4      | Noticed Blork the orc
  4020 | D:4      | Killed Blork the orc
  4143 | D:4      | Found a glowing golden altar of the Shining One.
  4145 | D:4      | Found a snail-covered altar of Cheibriados.
  4224 | D:4      | Noticed Natasha
  4236 | D:4      | Gained mutation: You have razor-sharp teeth. [Vine Stalker
                  | growth]
  4236 | D:4      | Reached XP level 8. HP: 39/40 MP: 9/9
  4239 | D:4      | Killed Natasha
  4293 | D:4      | Reached * piety under Okawaru
  4442 | D:4      | Noticed Natasha
  4454 | D:4      | Killed Natasha
  4568 | D:5      | Entered Level 5 of the Dungeon
  4624 | D:5      | You fall into a shaft and drop 1 floor!
  4662 | D:6      | Reached skill level 1 in Invocations
  4761 | D:6      | Found a sand-covered staircase.
  4766 | Ossuary  | Entered an ossuary
  5155 | D:6      | Found an opulent altar of Gozag.
  5174 | D:6      | Reached skill level 5 in Short Blades
  5188 | D:6      | Found a burning altar of Makhleb.
  5463 | D:5      | Found a hazy altar of Hepliaklqana.
  5471 | D:5      | Reached skill level 8 in Stealth
  5501 | D:5      | Reached ** piety under Okawaru
  5536 | D:5      | Found a hazy altar of Hepliaklqana.
  5583 | D:5      | Reached XP level 9. HP: 24/44 MP: 10/10
  5621 | D:5      | Found a radiant altar of Vehumet.
  6344 | D:7      | Noticed a skeletal warrior
  6650 | D:7      | Reached skill level 9 in Stealth
  6656 | D:7      | Reached *** piety under Okawaru
  6728 | D:7      | Reached skill level 1 in Evocations
  6798 | D:7      | Gained mutation: You are partially covered in yellow
                  | scales. (AC +2) [evolution]
  7321 | D:7      | Reached XP level 10. HP: 49/49 MP: 11/11
  7402 | D:8      | Reached skill level 5 in Armour
  7422 | D:8      | Reached **** piety under Okawaru
  7610 | D:8      | Learned a level 3 spell: Regeneration
  7755 | D:8      | Reached skill level 10 in Stealth
  7849 | D:8      | Found a shimmering blue altar of Sif Muna.
  7849 | D:8      | Found a white marble altar of Elyvilon.
  8320 | D:9      | Found a staircase to the Lair.
  8320 | D:9      | Noticed an elephant
  8365 | D:9      | Killed an elephant
  8365 | D:9      | Reached ***** piety under Okawaru
  8365 | D:9      | Reached skill level 5 in Shields
  8659 | D:9      | Found an ancient bone altar of Kikubaaqudgha.
  8683 | D:10     | Entered Level 10 of the Dungeon
  8725 | D:10     | Reached skill level 11 in Stealth
  8788 | D:10     | Reached skill level 5 in Fighting
  8819 | D:10     | Noticed Joseph
  8853 | D:10     | Killed Joseph
  8884 | D:10     | Noticed Fannar
  9042 | D:10     | Received a gift from Okawaru
  9042 | D:10     | Reached XP level 11. HP: 54/56 MP: 12/12
  9179 | D:10     | Noticed Snorg
  9288 | Lair:1   | Entered Level 1 of the Lair of Beasts
  9572 | Lair:1   | Received a gift from Okawaru
 10184 | Lair:1   | Identified the +1 robe of Space {rElec Int-3 Dex+3} (You
                  | found it on level 1 of the Lair of Beasts)
 10586 | Lair:2   | Noticed an oklob plant
 10625 | Lair:2   | Found a runed translucent gate.
 10625 | Lair:2   | Found a runed translucent gate.
 10625 | Lair:2   | Found a runed translucent gate.
 10650 | Lair:2   | Noticed Dasij's ghost (journeyman VSMo)
 10650 | Lair:2   | Noticed Ecvarch's ghost (journeyman OpFi)
 10651 | Lair:2   | Noticed Aghio's ghost (journeyman HuAr)
 10965 | Lair:3   | Gained mutation: Your muscles are strong. (Str +2)
                  | [evolution]
 10965 | Lair:3   | Lost mutation: You evolve. [end of evolution]
 11090 | Lair:3   | Reached skill level 12 in Stealth
 11098 | Lair:3   | Gained mutation: You heal very quickly. [Vine Stalker
                  | growth]
 11098 | Lair:3   | Reached XP level 12. HP: 50/61 MP: 10/13
 11206 | Lair:3   | Reached skill level 5 in Dodging
 11236 | Lair:3   | Received a gift from Okawaru
 11530 | Lair:3   | Found a staircase to the Swamp.
 12050 | Swamp:1  | Entered Level 1 of the Swamp
 12944 | Lair:4   | Found a staircase to the Snake Pit.
 13014 | Lair:4   | Noticed a four-headed hydra
 13018 | Lair:4   | Killed a four-headed hydra
 13018 | Lair:4   | Reached ****** piety under Okawaru
 13265 | Snake:1  | Entered Level 1 of the Snake Pit
 13291 | Lair:5   | Noticed Rupert
 13305 | Lair:5   | Killed Rupert
 13305 | Lair:5   | Reached skill level 13 in Stealth
 13305 | Lair:5   | Reached XP level 13. HP: 60/66 MP: 15/15
 13619 | Lair:5   | Received a gift from Okawaru
 13729 | Lair:5   | Reached skill level 10 in Short Blades
 14155 | Lair:6   | Entered Level 6 of the Lair of Beasts
 14378 | Lair:6   | Found a staircase to the Slime Pits.
 14644 | Lair:6   | Noticed a dire elephant
 14654 | Lair:6   | Killed a dire elephant
 14685 | Lair:6   | Reached skill level 10 in Shields
 14719 | Lair:6   | Reached XP level 14. HP: 65/72 MP: 16/16
 14809 | Lair:6   | Received a gift from Okawaru
 15468 | Swamp:1  | Received a gift from Okawaru
 15469 | Swamp:1  | Found the +8 orange crystal plate armour {Archmagi, Int+3
                  | Clar}
 15588 | Swamp:1  | Reached skill level 14 in Stealth
 16023 | Swamp:1  | Identified Roxanne's Catalogue of Shape Shifting
 16023 | Swamp:1  | Noticed Roxanne
 16788 | Swamp:2  | Noticed a thorn hunter
 16822 | Swamp:2  | Killed a thorn hunter
 16865 | Swamp:2  | Received a gift from Okawaru
 17283 | Swamp:3  | Found a transporter.
 17283 | Swamp:3  | Noticed a green very ugly thing
 17306 | Swamp:3  | Killed a green very ugly thing
 17339 | Swamp:3  | Found a transporter.
 17667 | Swamp:3  | Reached XP level 15. HP: 70/77 MP: 16/18
 18529 | Lair:2   | Killed Ecvarch's ghost
 18554 | Lair:2   | Killed Aghio's ghost
 18579 | Lair:2   | Killed Dasij's ghost
 18585 | Lair:2   | Got a flickering granite ring
 18587 | Lair:2   | Identified the ring of Ronirue {*Tele *Contam Str+9} (You
                  | found it on level 2 of the Lair of Beasts)
 18628 | Lair:2   | Gained mutation: You are somewhat resistant to further
                  | mutation. [mutagenic glow]
 18740 | Swamp:4  | Entered Level 4 of the Swamp
 18740 | Swamp:4  | Noticed a thorn hunter
 18745 | Swamp:4  | Killed a thorn hunter
 18796 | Swamp:4  | Received a gift from Okawaru
 19128 | Swamp:3  | Paralysed by a hornet for 3 turns
 19129 | Swamp:3  | HP: 1/78 [eight-headed hydra (3)]
 19130 | Swamp:3  | Mangled by a hornet

Levels and vault maps discovered:
D:1:      matt_arrival_spirals, layout_basic, minmay_lizard_king
D:2:      layout_basic
D:3:      layout_basic, lightli_sewer_entry_pipes, first_ration,
          chequers_ecumenical_altar_simple_redux, fedhas_altar_3, uniq_sigmund,
          uniq_jessica, uniq_crazy_yiuf_cottage, uniq_terence, uniq_ijyb
D:4:      minmay_bubble_buster, layout_cave_pools,
          nicolae_overflow_hidden_temple, minmay_temple_entry_drinking_statues,
          uniq_natasha, uniq_blork_the_orc
D:5:      layout_basic, kennysheep_mini_moat, basic_altar, vehumet_altar_wand_db
D:6:      layout_rooms, chequers_temple_overflow_statue_of_worship,
          enter_ossuary_5
D:7:      minmay_slanted_spiral_squares, layout_loops_ring,
          kennysheep_generic_room_4
D:8:      layout_basic, gammafunk_temple_overflow_wave, blue_anna_alchemist
          [blue_anna_fruit_fields, blue_anna_fruit_fields]
D:9:      layout_small_grid, lemuel_coloured_pillars_altar, david_lair_generic
D:10:     layout_irregular_city, uniq_joseph, uniq_snorg, uniq_josephine,
          uniq_fannar
Temple:   nicolae_temple_great_sept
Lair:1:   layout_cave_pods, minivault_11, serial_bayou_shore_a
Lair:2:   layout_long_grid, gammafunk_ghost_cemetery, minmay_lair_oklob_items,
          lemuel_fruit_fields
Lair:3:   layout_cave_pods, nicolae_swamp_entry_splash_gauntlet, serial_bayou,
          serial_bayou_pond_c, serial_bayou_pond_e, serial_bayou_pond_b,
          serial_bayou_lake_a, st_stairs_10, cheibrodos_lair_reptile_den
Lair:4:   layout_layer_cave, dummy_snake_entry, chequers_serial_rivers_micro_c
Lair:5:   layout_cave_pods, beast_lair_carwin_4, grunt_megastairs_3, uniq_rupert
Lair:6:   hangedman_lair_in_review, layout_big_grid,
          minmay_slime_entry_jelly_boxes
Swamp:1:  layout_falls_marsh, evilmike_swamp_ruin_house_3, swamp_pool5,
          uniq_roxanne
Swamp:2:  layout_falls_marsh, evilmike_swamp_ruin_house_2, swamp_pool2,
          infiniplex_staircase_pool_2
Swamp:3:  gammafunk_the_bubble [the_bubble_gammafunk_crates],
          layout_falls_marsh, evilmike_swamp_ruin_rubble_2, swamp_pool1,
          cheibrodos_swamp_kobolds
Swamp:4:  swamp, layout_basic_swamp, infiniplex_staircase_pool
Snake:1:  layout_chambers, minmay_shop_star, lemuel_fruit_tree, uniq_aizul,
          uniq_jorgrun

Skill      XL: |  1  2  3  4  5  6  7  8  9 10 11 12 13 14 15 |
---------------+----------------------------------------------+-----
Fighting       | 2 3 4 5 6 7 8 |  8.6
Stealth        | 5 6 7 8 9 11 12 13 14 | 14.5
Throwing       | 2 |  2.1
Dodging        | 1 2 3 4 5 7 8 |  8.7
Short Blades   | 2 3 4 5 6 7 8 9 10 | 10.0
Armour         | 1 2 3 4 5 6 7 8 9 |  9.3
Shields        | 1 2 3 4 5 6 8 10 11 12 | 12.5
Invocations    | 1 2 3 |  3.8
Evocations     | 1 2 3 |  3.4

Action                   |  1- 3 |  4- 6 |  7- 9 | 10-12 | 13-15 || total
-------------------------+-------+-------+-------+-------+-------++-------
Melee: Dagger            |   102 |   268 |   328 |   795 |  1378 ||  2871
       Bite              |    21 |    48 |   106 |   309 |   595 ||  1079
       Unarmed           |       |     1 |       |       |       ||     1
Throw: Dart              |       |       |     1 |       |       ||     1
Invok: Heroism           |       |       |     2 |     1 |    28 ||    31
       Finesse           |       |       |       |       |     4 ||     4
Evoke: Wand              |       |       |    10 |    13 |    33 ||    56
       Box of beasts     |       |       |       |     1 |       ||     1
  Use: Scroll            |     3 |     3 |    12 |    10 |    21 ||    49
       Potion            |     1 |     1 |       |     3 |     3 ||     8
 Stab: Sleeping          |    11 |    15 |    16 |    29 |    18 ||    89
       Distracted        |     1 |       |     1 |       |     3 ||     5
       Paralysed         |       |       |       |     1 |       ||     1
       Confused          |       |       |       |       |     1 ||     1
  Eat: Chunk             |       |     5 |     8 |    16 |     4 ||    33
       Ration            |       |     1 |     2 |     2 |     4 ||     9
Armor: Robe              |    19 |     2 |       |       |       ||    21
       Ring mail         |       |    83 |    19 |    47 |       ||   149
       Scale mail        |       |       |    33 |    60 |   203 ||   296
Dodge: Dodged            |    43 |    81 |    93 |   290 |   622 ||  1129
Block: Shield            |       |    81 |    95 |   294 |   674 ||  1144

Table legend:
 A = Non-vault XP
 B = Vault XP
 C = Vault XP percentage of total XP
 D = Non-vault monster count
 E = Vault monster count
 F = Vault count percentage of total count
                 A         B        C        D         E       F
            +---------+---------+-------+---------+---------+-------
      Total |   80932 |   31826 |  28.2 |     436 |     177 |  28.9
            +---------+---------+-------+---------+---------+-------
        D:1 |      46 |      12 |  20.7 |      26 |      10 |  27.8
        D:2 |      80 |      13 |  14.0 |      23 |       1 |   4.2
        D:3 |     177 |     183 |  50.8 |      31 |       9 |  22.5
        D:4 |     316 |     380 |  54.6 |      16 |      10 |  38.5
        D:5 |     647 |       2 |   0.3 |      19 |       1 |   5.0
        D:6 |     549 |       0 |   0.0 |       8 |       0 |   0.0
        D:7 |    1377 |     544 |  28.3 |      15 |      11 |  42.3
        D:8 |    1090 |      92 |   7.8 |      20 |       1 |   4.8
        D:9 |    1226 |    1021 |  45.4 |      16 |       4 |  20.0
       D:10 |    1517 |     439 |  22.4 |      21 |       1 |   4.5
     Lair:1 |    2450 |       0 |   0.0 |      15 |       0 |   0.0
     Lair:2 |    3612 |    3304 |  47.8 |      18 |       3 |  14.3
     Lair:3 |    3558 |    2208 |  38.3 |      23 |      12 |  34.3
     Lair:4 |    7442 |       0 |   0.0 |      23 |       0 |   0.0
     Lair:5 |    7328 |    4519 |  38.1 |      26 |       9 |  25.7
     Lair:6 |    6019 |    9253 |  60.6 |      23 |      32 |  58.2
    Swamp:1 |   11896 |       0 |   0.0 |      44 |       0 |   0.0
    Swamp:2 |   11960 |       0 |   0.0 |      28 |       0 |   0.0
    Swamp:3 |   10931 |    5550 |  33.7 |      23 |       9 |  28.1
    Swamp:4 |    8711 |    3976 |  31.3 |      18 |       6 |  25.0
      Sewer |       0 |     198 | 100.0 |       0 |      48 | 100.0
    Ossuary |       0 |     132 | 100.0 |       0 |      10 | 100.0
            +---------+---------+-------+---------+---------+-------
